 Dungeon Crawl Stone Soup version 0.25.1-2-g60ff931df9 (webtiles) character file.

Game seed: 4741898250973078915

192 Impeuri the Slasher (level 5, 0/39 HPs)
             Began as a Vampire Gladiator on Aug 21, 2020.
             Killed by nerve-wracking pain
             ... invoked by an orc priest
              (8 damage)
             ... on level 4 of the Dungeon.
             The game lasted 00:05:05 (2703 turns).

Impeuri the Slasher (Vampire Gladiator)             Turns: 2703, Time: 00:05:05

Health: 0/39       AC:  4    Str: 10 (13) XL:     5   Next: 42%
Magic:  5/5        EV: 14    Int:  7 (10) God:
Gold:   172        SH:  0    Dex: 16 (17) Spells: 4/4 levels left

rFire    . . .     SeeInvis +   a - +0 long sword
rCold    . . .     Gourm    .   (no shield)
rNeg     . . .     Faith    .   b - +0 leather armour
rPois    .         Spirit   .   c - +0 helmet
rElec    .         Reflect  .   (no cloak)
rCorr    .         Harm     .   (no gloves)
MR       .....                  (no boots)
Stlth    ++........             (no amulet)
HPRegen  0.33/turn              (no ring)
MPRegen  0.09/turn              (no ring)

@: regenerating quickly
A: no food, fangs 3, see invisible, unbreathing
a: Exsanguinate


You were on level 4 of the Dungeon.
You were alive.

You visited 1 branch of the dungeon, and saw 4 of its levels.

You collected 172 gold pieces.

Inventory:

Hand Weapons
 a - a +0 long sword (weapon)
Missiles
 d - 3 throwing nets (quivered)
 r - 8 poisoned darts
Armour
 b - a +0 leather armour (worn)
 c - a +0 helmet (worn)
Scrolls
 e - a scroll of fog {unknown}
 f - 7 scrolls of identify {unknown}
 j - 2 scrolls of teleportation {unknown}
 k - a scroll of amnesia {unknown}
 l - a scroll of immolation {unknown}
 m - a scroll of magic mapping {unknown}
 n - 2 scrolls of remove curse {unknown}
 p - a scroll of fear {unknown}
Potions
 g - a potion of lignification {unknown}
 h - a potion of heal wounds {unknown}
 i - a potion of flight
 o - a potion of cancellation {unknown}
 s - a potion of curing {unknown}
 t - a potion of haste {unknown}


   Skills:
 + Level 2.7 Fighting
 * Level 4.5 Long Blades
 + Level 1.6 Throwing
 + Level 4.2 Dodging
 + Level 3.1 Stealth


You had 4 spell levels left.
You didn't know any spells.
Your spell library was empty.

Dungeon Overview and Level Annotations

Branches:
Dungeon (4/15)
 Temple: D:4-7

Altars:
The Shining One


Innate Abilities, Weirdness & Mutations

You do not eat.
Your natural rate of healing is unusually fast.
You have razor-sharp teeth.
You have supernaturally acute eyesight. (SInv)
You can survive without breathing.


Message History

The worker ant twitches its antennae in your direction.
You slash the orc priest!
The orc priest is severely wounded.
The orc priest hits you but does no damage.
The orc priest hits you with a +0 club. The orc wizard casts a spell at you.
You resist with some effort.
You barely miss the orc priest.
The orc priest is severely wounded.
The orc priest hits you with a +0 flail.
* * * LOW HITPOINT WARNING * * *
The orc wizard hits you but does no damage.
The orc priest hits you with a +0 club.
* * * LOW HITPOINT WARNING * * *
It was a potion of degeneration.
There was something very wrong with that liquid.
You feel weakened.
You feel dopey.
You feel clumsy.
The orc priest invokes the aid of Beogh against you.
Pain shoots through your body!
You die...

<........###..#
.# #
#######...##..#
## # #
#...##..#... #
#...#.....## #
#...#.......
#...#.....#
#.......##
#...##..####
###.o@##......
#...ooo.a.####
#.............
#........#####
#........#
#........#
#........#
#........#
#.?......#


You could see a worker ant, 2 orc priests, an orc wizard (invisible) and an orc.

Vanquished Creatures
  Terence (D:2)
  2 worker ants
  4 adders (D:2)
  3 worms (D:2)
  2 dart slugs
  5 orcs (D:3)
  6 bats
  4 giant cockroaches
  4 goblins
  8 hobgoblins
  8 jackals
  A quokka (D:3)
  A ball python (D:2)
  3 frilled lizards
  8 kobolds
  8 rats
68 creatures vanquished.

Vanquished Creatures (others)
  A plant (D:4)
1 creature vanquished.

Grand Total: 69 creatures vanquished

Notes
Turn   | Place    | Note
-------+----------+-------------------------------------------
     0 | D:1      | Impeuri the Vampire Gladiator began the quest for the Orb.
     0 | D:1      | Reached XP level 1. HP: 16/16 MP: 1/1
   181 | D:1      | Reached XP level 2. HP: 22/22 MP: 2/2
   419 | D:1      | Reached skill level 1 in Stealth
   463 | D:1      | Reached XP level 3. HP: 27/27 MP: 3/3
   670 | D:2      | HP: 1/27 [goblin/+0 trident of protection (6)]
   908 | D:2      | Reached XP level 4. HP: 18/34 MP: 4/4
   984 | D:2      | Noticed Terence
   994 | D:2      | Killed Terence
  1366 | D:2      | Reached XP level 5. HP: 37/39 MP: 5/5
  1587 | D:3      | Found a glowing golden altar of the Shining One.
  2703 | D:4      | Killed from afar by an orc priest

Illustrated notes

Levels and vault maps discovered:
D:1:      minmay_arrival_five_plusses, layout_basic
D:2:      layout_basic, first_ration, minmay_misc_feat_alley, minivault_19,
          minmay_small_reverse_x, uniq_terence
D:3:      layout_basic, tso_metal_star
D:4:      layout_basic, gammafunk_ghost_gnarly_gnolls, gup_sewer_entry_glass,
          serial_bayou_crossing

Skill      XL: |  1  2  3  4  5 |
---------------+----------------+-----
Fighting       | 2 |  2.7
Stealth        | 1 2 3 |  3.1
Long Blades    | 4 |  4.5
Dodging        | 4 |  4.2
Throwing       | |  1.6

Action                   |  1- 3 |  4- 6 || total
-------------------------+-------+-------++-------
Melee: Long sword        |   107 |    94 ||   201
       Bite              |    11 |    14 ||    25
  Use: Potion            |     2 |     2 ||     4
 Stab: Sleeping          |     1 |     4 ||     5
Armor: Leather armour    |    51 |    20 ||    71
Dodge: Dodged            |   118 |    96 ||   214
       Rpst.: Long sword |    35 |    35 ||    70
